 Dungeon Crawl Stone Soup version 0.29-a0-251-g80730f7218 (webtiles) character file.

Game seed: 6221139248804699220

275800 Conn the Eclecticist (level 20, -8/133 HPs)
             Began as an Octopode Fire Elementalist on Feb 21, 2022.
             Was a High Priest of Sif Muna.
             Mangled by a rockslime (31 damage)
             ... on level 5 of the Pits of Slime on Mar 5, 2022.
             The game lasted 04:22:06 (54238 turns).

Conn the Eclecticist (Octopode Fire Elementalist)  Turns: 54238, Time: 04:22:07

Health: -8/133     AC: -2    Str: 16    XL:     20   Next: 35%
Magic:  18/55      EV: 12    Int: 35    God:    Sif Muna [*****.]
Gold:   3706       SH: 14    Dex:  6    Spells: 0/54 levels left

rFire   + + +      SeeInvis +   W - +9 mace of Boepragy {protect, *Slow rF++ Will+ Str+2}
rCold   + + .      Faith    .   x - +5 kite shield {AC+3}
rNeg    + . .      Spirit   .   i - +2 hat {SInv}
rPois   +          Reflect  .   Y - amulet "Ephes" {Acrobat rPois rF+ Regen+ Int+3}
rElec   +          Harm     .   T - ring of Mowkif {Ice rElec Int+7 Stlth+}
rCorr   +          Rampage  .   Z - ring "Ycufe" {rF+ Str+3 Slay+4}
Will    +++++      Rage     1%  D - ring of magical power
Stlth   ++++++....              K - ring of wizardry
HPRegen 1.12/turn               N - ring of wizardry
MPRegen 0.34/turn               C - ring of protection from cold
                                b - ring "Omer" {Fly rN+ Will+++ rCorr Dex-4}
                                X - +4 ring of protection

@: about to teleport, corroded, flying
A: almost no armour, amphibious, 8 rings, camouflage 1, gelatinous body 1,
(nimble swimmer 1), tentacles, berserk 1, clumsy 1, deterioration 1, high MP 1,
robust 1, strong 1
}: 2/15 runes: decaying, gossamer
a: Renounce Religion, Channel Magic, Forget Spell, Divine Exegesis


You were on level 5 of the Pits of Slime.
You worshipped Sif Muna.
Sif Muna was extremely pleased with you.
You visited 8 branches of the dungeon, and saw 35 of its levels.
You also visited: Sewer and Bailey.

You collected 3706 gold pieces.

Inventory:

Hand Weapons
 g - a +4 rapier of protection
 W - the +9 mace of Boepragy (weapon) {protect, *Slow rF++ Will+ Str+2}
   (You took it off a deep elf knight on level 3 of the Elven Halls)

   It grants its wielder temporary protection when it strikes (+7 to AC).
   Str:       It affects your strength (+2).
   rF:        It greatly protects you from fire.
   *Slow:     It may slow you when you take damage.
   Will:      It increases your willpower.
Missiles
 k - 8 curare-tipped darts (quivered)
Armour
 i - a +2 hat of see invisible (worn)
 x - a +5 kite shield of protection (worn)
 Q - a +2 hat
Magical Staves
 e - a staff of conjuration
Jewellery
 b - the ring "Omer" (on tentacle) {Fly rN+ Will+++ rCorr Dex-4}
   (You found it on level 10 of the Dungeon)

   [ring of positive energy]

   Dex:       It affects your dexterity (-4).
   rN:        It protects you from negative energy.
   Fly:       It grants you flight.
   rCorr:     It protects you from acid and corrosion.
   Will:      It greatly increases your willpower.
 m - the ring "Icyqurphe" {rCorr Str+5 Dex+3}
   (You took it off a deep elf knight on level 3 of the Elven Halls)

   [ring of resist corrosion]

   Str:       It affects your strength (+5).
   Dex:       It affects your dexterity (+3).
   rCorr:     It protects you from acid and corrosion.
 C - a ring of protection from cold (on tentacle)
 D - a ring of magical power (on tentacle)
 I - a ring of see invisible
 J - an amulet of reflection
 K - a ring of wizardry (on tentacle)
 N - a ring of wizardry (on tentacle)
 T - the ring of Mowkif (left tentacle) {Ice rElec Int+7 Stlth+}
   (You acquired it on level 3 of the Swamp)

   [ring of ice]

   It enhances your ice magic.
   Int:       It affects your intelligence (+7).
   rF:        It makes you vulnerable to fire.
   rC:        It protects you from cold.
   rElec:     It insulates you from electricity.
   Stlth:     It makes you more stealthy.
 X - a +4 ring of protection (on tentacle)
 Y - the amulet "Ephes" (around mantle) {Acrobat rPois rF+ Regen+ Int+3}
   (You took it off a centaur on level 10 of the Dungeon)

   [amulet of the acrobat]

   It increases your evasion while moving and waiting.
   Int:       It affects your intelligence (+3).
   rF:        It protects you from fire.
   rPois:     It protects you from poison.
   Regen:     It increases your rate of health regeneration.
 Z - the ring "Ycufe" (right tentacle) {rF+ Str+3 Slay+4}
   (You took it off a skeletal warrior on level 10 of the Dungeon)

   [ring of slaying]

   Str:       It affects your strength (+3).
   Slay:      It affects your accuracy & damage with ranged weapons and melee
   (+4).
   rF:        It protects you from fire.
Wands
 s - a wand of iceblast (22)
 y - a wand of charming (10)
 z - a wand of digging (37)
 F - a wand of paralysis (12)
 G - a wand of flame (12)
 L - a wand of polymorph (14)
 O - a wand of acid (11)
 V - a wand of mindburst (18)
Scrolls
 d - 8 scrolls of teleportation
 h - 13 scrolls of identify
 l - a scroll of torment
 q - a scroll of enchant armour
 r - 5 scrolls of magic mapping
 w - 2 scrolls of fog
 B - 2 scrolls of immolation
 E - 3 scrolls of fear
 R - a scroll of holy word
Potions
 c - 5 potions of haste
 f - 4 potions of berserk rage
 j - 13 potions of curing
 n - 7 potions of lignification
 o - 2 potions of mutation
 p - 6 potions of might
 t - 4 potions of cancellation
 u - a potion of resistance
 H - 4 potions of ambrosia
 U - 3 potions of brilliance
Miscellaneous
 M - a phantom mirror


   Skills:
 + Level 5.8 Fighting
 + Level 6.1 Short Blades
 + Level 3.4 Maces & Flails
 + Level 1.0 Throwing
 + Level 6.6 Dodging
 + Level 9.8 Stealth
 + Level 8.1 Shields
 + Level 17.9 Spellcasting
 + Level 15.2 Conjurations
 + Level 3.1 Hexes
 + Level 0.1 Summonings
 + Level 6.8 Translocations
 * Level 15.3 Fire Magic
 - Level 7.0 Ice Magic
 + Level 7.2 Air Magic
 - Level 10.8 Earth Magic
 + Level 3.3 Poison Magic
 + Level 6.5 Invocations
 + Level 1.1 Evocations


You couldn't memorise any spells.
You knew the following spells:

 Your Spells              Type           Power      Damage    Failure   Level
a - Foxfire               Conj/Fire      100%       2x1d9     0%          1
b - Fireball              Conj/Fire      47%        3d19      1%          5
c - Inner Flame           Hex/Fire       77%        N/A       1%          3
d - Flame Wave            Conj/Fire      95%        2d16      1%          4
e - Scorch                Fire           100%       2d10      0%          2
f - Ignition              Fire           47%        3d13      9%          8
g - Hailstorm             Conj/Ice       100%       3d20      1%          4
h - Stone Arrow           Conj/Erth      100%       3d13      1%          3
i - Slow                  Hex            100%       N/A       1%          1
j - Iskenderun's Battles  Conj           95%        2d14      1%          5
k - Mephitic Cloud        Conj/Pois/Air  75%        N/A       1%          3
l - Blink                 Tloc           100%       N/A       1%          2
m - Iskenderun's Mystic   Conj/Tloc      83%        2d16      1%          4
n - Iron Shot             Conj/Erth      44%        9d9       1%          6
o - Summon Guardian Gole  Hex/Summ       43%        N/A       1%          3

Your spell library contained the following spells:

 Spells                   Type           Power      Damage    Failure   Level
 Conjure Flame            Conj/Fire      95%        6-21      0%          3
 Apportation              Tloc           100%       N/A       1%          1
 Freeze                   Ice            100%       1d11      1%          1
 Pain                     Necr           100%       1d9       1%          1
 Sandblast                Erth           100%       2d20      1%          1
 Shock                    Conj/Air       100%       1d9       1%          1
 Sting                    Tmut/Pois      100%       1d8       1%          1
 Summon Small Mammal      Summ           100%       N/A       1%          1
 Call Imp                 Summ           32%        N/A       1%          2
 Corpse Rot               Necr/Air       100%       N/A       1%          2
 Ensorcelled Hibernation  Hex/Ice        100%       N/A       1%          2
 Passwall                 Tmut/Erth      51%        N/A       1%          2
 Poisonous Vapours        Pois/Air       100%       N/A       1%          2
 Wereblood                Tmut           31%        N/A       1%          2
 Confusing Touch          Hex            52%        N/A       1%          3
 Dazzling Flash           Conj/Hex       100%       N/A       1%          3
 Frozen Ramparts          Ice            100%       1d12      1%          3
 Ignite Poison            Fire/Tmut/Pois 66%        N/A       1%          3
 Lesser Beckoning         Tloc           68%        N/A       1%          3
 Portal Projectile        Hex/Tloc       100%       N/A       1%          3
 Spider Form              Tmut/Pois      43%        N/A       1%          3
 Swiftness                Air            69%        N/A       1%          3
 Teleport Other           Tloc           68%        N/A       1%          3
 Airstrike                Air            34%        N/A       1%          4
 Leda's Liquefaction      Hex/Erth       34%        N/A       1%          4
 Passage of Golubria      Tloc           68%        N/A       1%          4
 Sticky Flame             Conj/Fire      95%        2d10      1%          4
 Summon Lightning Spire   Summ/Air       54%        N/A       1%          4
 Freezing Cloud           Conj/Ice/Air   50%        6-21      1%          5
 Lee's Rapid Deconstruct  Erth           41%        3d21*     1%          5
 Lightning Bolt           Conj/Air       41%        1d60      1%          5
 Manifold Assault         Tloc           68%        N/A       1%          5
 Conjure Ball Lightning   Conj/Air       41%        3x3d13    1%          6
 Starburst                Conj/Fire      47%        6d13      1%          6
 Orb of Destruction       Conj           47%        9d12      1%          7
 Vampiric Draining        Necr           31%        2d8       2%          3
 Metabolic Englaciation   Hex/Ice        39%        N/A       2%          5
 Silence                  Hex/Air        30%        N/A       2%          5
 Summon Forest            Summ/Tloc      27%        N/A       5%          5
 Dispel Undead            Necr           31%        3d14      7%          4
 Alistair's Intoxication  Tmut/Pois      28%        N/A       11%         5
 Summon Mana Viper        Hex/Summ       43%        N/A       11%         5
 Yara's Violent Unravell  Hex/Tmut       21%        3d10      11%         5
 Agony                    Necr           31%        N/A       19%         5
 Blade Hands              Tmut           15%        N/A       19%         5
 Excruciating Wounds      Necr           15%        N/A       19%         5
 Lehudib's Crystal Spear  Conj/Erth      44%        10d11     21%         8
 Spellforged Servitor     Conj/Summ      35%        N/A       24%         7
 Eringya's Noxious Bog    Tmut/Pois      21%        N/A       45%         6
 Death Channel            Necr           15%        N/A       67%         6
 Storm Form               Tmut/Air       27%        N/A       75%         7
 Fire Storm               Conj/Fire      47%        8d12      75%         9
 Maxwell's Capacitive Co  Air            34%        ∞         89%         8
 Disjunction              Tloc           34%        N/A       92%         8
 Monstrous Menagerie      Summ           16%        N/A       99%         7
 Summon Hydra             Summ           16%        N/A       99%         7
 Chain Lightning          Conj/Air       41%        3d55      99%         9
 Shatter                  Erth           41%        3d32*     99%         9


Dungeon Overview and Level Annotations

Branches:
Dungeon (10/15)            Temple (1/1) D:4            Lair (6/6) D:9
  Swamp (4/4) Lair:3       Spider (4/4) Lair:2        Slime (5/5) Lair:5
    Orc (2/2) D:10            Elf (3/3) Orc:2         Sewer (visited)
 Bailey (visited)

Altars:
Ashenzari
Cheibriados
Dithmenos
Elyvilon
Fedhas
Gozag
Hepliaklqana
Kikubaaqudgha
Makhleb
Nemelex Xobeh
Okawaru
Qazlal
Ru
Sif Muna
Trog
Uskayaw
Vehumet
Wu Jian
Xom
Yredelemnul
Zin
The Shining One
Jiyva

Shops:
D:10 *   Orc:1 (   Orc:2 :*[(   Elf:2 ?

Annotations:
D:4 2 transporters, anet's ghost, amateur HOCj
Slime:5 Royal Jelly


Innate Abilities, Weirdness & Mutations

You cannot wear most types of armour.
You are amphibious.
You can wear up to eight rings at the same time.
Your skin changes colour to match your surroundings (Stealth+).
Your rubbery body absorbs attacks. (AC +1, EV +1)
((You are camouflaged when in or above water. (Stealth+)))
You have tentacles for arms and can constrict up to eight enemies at once.
You tend to lose your temper in combat.
You are clumsy. (Dex -2)
Your body sometimes deteriorates upon taking damage.
You have an increased reservoir of magic. (+10% MP)
You are robust. (+10% HP)
Your muscles are strong. (Str +2)


Message History

The quicksilver ooze hits you but does no damage.
You block the quicksilver ooze's attack.
The quicksilver ooze hits you!
* * * LOW HITPOINT WARNING * * *
You feel your power leaking away.
Casting: Iskenderun's Mystic Blast (safe; 1% risk of failure)
Confirm with . or Enter, or press ? or * to list all spells.
You erupt in a blast of force!
The mystic blast hits the quicksilver ooze!
The quicksilver ooze is severely wounded.
The quicksilver ooze is knocked back by the mystic blast.
An acid blob comes into view.
Okay, then.
You feel much better. You block the rockslime's attack.
Casting: Iskenderun's Mystic Blast (safe; 1% risk of failure)
Confirm with . or Enter, or press ? or * to list all spells.
You erupt in a blast of force!
The mystic blast hits the azure jelly!!
The azure jelly is moderately wounded.
The azure jelly is knocked back by the mystic blast.
The mystic blast hits the quicksilver ooze!
The quicksilver ooze is almost dead.
The quicksilver ooze is knocked back by the mystic blast.
The quicksilver ooze collides with the azure jelly!
The azure jelly is heavily wounded.
The quicksilver ooze is almost dead.
The mystic blast hits the rockslime!
The rockslime is moderately wounded.
The rockslime hits you!
* * * LOW HITPOINT WARNING * * *
You are shoved backwards!
As you read the scroll of teleportation, it crumbles to dust.
You feel strangely unstable. The rockslime hits you!!
* * * LOW HITPOINT WARNING * * *
You are shoved backwards!
You feel much better. The acid blob spits acid at you.
The splash of acid hits you! You resist.
* * * LOW HITPOINT WARNING * * *
The acid corrodes you! The rockslime hits you!!
You die...

##.............
##..G............
##................
#.................
##.......J..J.....
#......JJJ........
##................
#.......J........
###......@.......
#..............
###...#........
#..####...... #..#
...... ### #.....
#.#.. ###.


You could see the Royal Jelly, an acid blob, an azure jelly, a slime creature, a
rockslime, a quicksilver ooze and a floating eye.

Vanquished Creatures
  Nikola (Spider:2)
  The ghost of nht the Warrior, an adept OgHu of Okawaru (Spider:2)
  4 deep elf master archers (Elf:3)
  3 deep elf blademasters
  10 acid blobs
  The ghost of Ociafasm the Severer, an adept DDFi of Makhleb (Spider:4)
  The ghost of TheWayOfAllFlesh the Stormcaller, an adept DgAE (Spider:4)
  Kirke (Swamp:2)
  Donald (Swamp:3)
  2 rockslimes
  An azure jelly (Slime:5)
  4 ghost moths (Spider:4)
  2 orc warlords
  3 deep elf sorcerers (Elf:3)
  2 emperor scorpions (Spider:4)
  Louise (Spider:2)
  3 deep elf elementalists
  2 broodmothers
  2 quicksilver oozes (Slime:3)
  11 eleionomae
  4 deep elf demonologists (Elf:3)
  7 entropy weavers
  2 bunyips
  8 deep elf annihilators
  6 deep elf death magi (Elf:3)
  A fire dragon (Lair:6)
  3 great orbs of eyes
  2 deep elf high priests (Elf:3)
  A great orb of eyes (shapeshifter) (Elf:2)
  17 hydras
  A rakshasa (D:10)
  4 boulder beetles
  2 ghost crabs
  3 radroaches
  4 ice dragons (Swamp:4)
  A jorogumo (Spider:1)
  The ghost of raistware the Geomancer, a journeyman HuEE of Vehumet (D:9)
  31 dancing weapons
  3 two-headed ogres
  9 alligators
  Urug (Lair:5)
  4 orc high priests
  A death scarab (Spider:4)
  Sonja (Lair:5)
  A spriggan berserker (Swamp:3)
  14 deep elf knights
  7 spriggans
  A skeletal warrior (D:10)
  A fire crab (Lair:6)
  9 goliath frogs
  8 pharaoh ants
  4 steelbarb worms
  10 orb spiders
  2 spriggan druids
  13 deep elf archers
  4 bog bodies
  6 orc knights
  Pikel (D:7)
  4 swamp dragons
  19 deep elf zephyrmancers
  A lindwurm (Lair:4)
  27 deep elf pyromancers
  7 orc sorcerers
  5 shining eyes
  An ugly thing (D:10)
  5 oklob plants
  A manticore (D:10)
  48 slime creatures
  A moth of wrath (Spider:3)
  24 wolf spiders
  17 elephants
  2 will-o-the-wisps
  6 black mambas
  2 molten gargoyles (Lair:6)
  An eye of devastation (Slime:3)
  6 torpor snails
  Maggie (D:7)
  2 gargoyles (D:10)
  Psyche (D:9)
  18 komodo dragons
  12 cane toads
  4 freezing wraiths (Swamp:4)
  6 demonic crawlers
  A kobold demonologist (Bailey)
  9 meliai
  A bloated husk (Swamp:4)
  23 tarantellas
  9 tyrant leeches
  3 trolls
  7 hornets
  15 blink frogs
  41 jumping spiders
  3 air elementals
  Sigmund (D:3)
  28 culicivoras
  2 water elementals (Elf:1)
  A wraith (D:8)
  50 yaks
  6 wyverns
  A fire elemental (Elf:1)
  8 golden eyes (Slime:4)
  51 redbacks
  4 basilisks
  2 hogs (Swamp:2)
  3 swamp worm simulacra (Swamp:4)
  3 steam dragons
  4 wargs
  16 swamp worms
  15 water moccasins
  15 hydra simulacra (Swamp:4)
  3 hell hounds (Lair:6)
  Duvessa (D:4)
  A floating eye (Slime:4)
  41 orc warriors
  3 sky beasts (D:7)
  A black bear (D:5)
  3 ice beasts
  A necrophage (D:6)
  5 centaurs
  22 wolves
  17 ogres
  4 lemures (D:7)
  A phantom (D:5)
  4 kobold brigands
  4 gnoll sergeants (D:6)
  14 bullfrogs
  3 scorpions
  A wyvern zombie (D:7)
  5 earth elementals
  A water moccasin skeleton (D:6)
  Dowan (D:4)
  5 wights
  3 killer bees
  8 electric eels
  9 howler monkeys
  5 lava snakes (Lair:6)
  A centaur zombie (D:5)
  4 jellies
  10 hounds
  3 gnoll shamans
  31 orc priests
  Crazy Yiuf (D:3)
  2 bullfrog skeletons (D:6)
  3 centaur skeletons
  4 iguanas
  35 orc wizards
  A killer bee zombie (D:8)
  3 howler monkey zombies
  19 gnolls
  4 river rats
  10 adders
  A white imp (D:6)
  5 swamp drake simulacra (Swamp:4)
  A worm (D:4)
  4 dart slugs
  77 orcs
  4 bats
  9 endoplasms
  5 giant cockroaches
  18 goblins
  12 hobgoblins
  4 jackals (Sewer)
  13 kobolds
  4 quokkas
  10 ball pythons
  4 rats
  2 ball lightnings (Spider:4)
1267 creatures vanquished.

Vanquished Creatures (collateral kills)
  A hydra (Lair:3)
  2 blink frogs (Lair:3)
  56 foxfires
59 creatures vanquished.

Vanquished Creatures (others)
  The ghost of Rithrew the Carver, a journeyman DsFi of Okawaru (Spider:4)
  An alligator (Swamp:3)
  A bloated husk (Swamp:1)
  7 slime creatures
  A culicivora (Spider:4)
  A ball lightning (Spider:4)
  2809 foxfires
  39 fungi
  71 plants
  4 withered plants (Spider:4)
2935 creatures vanquished.

Grand Total: 4261 creatures vanquished

Notes
Turn   | Place    | Note
-------+----------+-------------------------------------------
     0 | D:1      | Conn the Octopode Fire Elementalist began the quest for the
                  | Orb.
     0 | D:1      | Reached XP level 1. HP: 11/11 MP: 3/3
   220 | D:1      | Reached XP level 2. HP: 17/17 MP: 0/5
   715 | D:2      | Found a faded altar of an unknown god.
   769 | D:2      | Reached XP level 3. HP: 9/21 MP: 3/6
  1191 | D:2      | You fall into a shaft and drop 2 floors!
  1314 | D:4      | Reached XP level 4. HP: 27/27 MP: 2/7
  1333 | D:3      | Noticed an ice beast
  1339 | D:3      | Killed an ice beast
  1340 | D:3      | Reached XP level 5. HP: 31/31 MP: 0/9
  1425 | D:3      | Found a runed translucent door.
  1426 | D:3      | Noticed Crazy Yiuf
  1443 | D:3      | Killed Crazy Yiuf
  1444 | D:3      | Reached skill level 3 in Spellcasting
  2333 | D:3      | Noticed Sigmund
  2555 | D:2      | Reached XP level 6. HP: 36/36 MP: 7/11
  2795 | D:3      | Learned a level 3 spell: Conjure Flame
  2799 | D:3      | Learned a level 3 spell: Inner Flame
  2804 | D:3      | Learned a level 4 spell: Flame Wave
  2867 | D:3      | Killed Sigmund
  3423 | D:4      | Noticed Dowan
  3423 | D:4      | Noticed Duvessa
  3434 | D:4      | Killed Duvessa
  3435 | D:4      | Reached skill level 4 in Spellcasting
  3435 | D:4      | Reached skill level 5 in Fire Magic
  3435 | D:4      | Reached XP level 7. HP: 42/42 MP: 1/13
  3441 | D:4      | Killed Dowan
  3460 | D:4      | Reached skill level 5 in Stealth
  3969 | D:4      | Found a staircase to the Ecumenical Temple.
  3990 | Temple   | Entered the Ecumenical Temple
  4116 | D:4      | Found a transporter.
  4119 | D:4      | Noticed anet's ghost (amateur HOCj)
  4156 | D:4      | Found a transporter.
  4821 | D:5      | Entered Level 5 of the Dungeon
  4840 | D:5      | Learned a level 2 spell: Scorch
  4842 | D:5      | Learned a level 1 spell: Freeze
  4931 | D:5      | Reached XP level 8. HP: 31/47 MP: 8/14
  4935 | D:5      | Found a glowing drain.
  4950 | Sewer    | Entered a sewer
  5095 | Sewer    | Reached skill level 1 in Short Blades
  5371 | Sewer    | Reached skill level 1 in Ice Magic
  6024 | D:5      | Reached skill level 5 in Spellcasting
  7214 | D:6      | Reached skill level 1 in Fighting
  7214 | D:6      | Reached XP level 9. HP: 40/53 MP: 8/17
  7457 | D:6      | Reached skill level 6 in Spellcasting
  8454 | D:6      | Reached skill level 5 in Conjurations
  8462 | D:6      | Reached skill level 7 in Spellcasting
  8503 | D:6      | Reached XP level 10. HP: 60/60 MP: 20/20
  8767 | D:6      | Noticed a two-headed ogre
  8771 | D:6      | Killed a two-headed ogre
  8772 | D:6      | Reached skill level 5 in Ice Magic
  9314 | D:7      | Noticed Maggie
  9324 | D:7      | Killed Maggie
  9325 | D:7      | Reached skill level 8 in Spellcasting
  9332 | D:7      | Noticed Pikel
  9335 | D:7      | Noticed a boulder beetle
  9355 | D:7      | Killed a boulder beetle
  9356 | D:7      | Reached skill level 1 in Hexes
  9356 | D:7      | Reached XP level 11. HP: 27/64 MP: 8/23
  9541 | D:7      | Killed Pikel
  9577 | D:7      | Found a flagged portal.
  9586 | Bailey   | Entered a bailey
  9916 | Bailey   | Noticed an orc knight
  9986 | Bailey   | Killed an orc knight
 10632 | Bailey   | Found an iron altar of Okawaru.
 10632 | Bailey   | Noticed an orc high priest
 10858 | Bailey   | Acquired a +1 kite shield of protection
 10894 | Bailey   | Gained mutation: You do not regenerate when monsters are
                  | visible. [potion of mutation]
 10894 | Bailey   | Gained mutation: You are somewhat resistant to further
                  | mutation. [potion of mutation]
 10894 | Bailey   | Gained mutation: Your muscles are strong. (Str +2) [potion
                  | of mutation]
 10895 | Bailey   | Lost mutation: You are somewhat resistant to further
                  | mutation. [potion of mutation]
 10895 | Bailey   | Lost mutation: You do not regenerate when monsters are
                  | visible. [potion of mutation]
 10895 | Bailey   | Gained mutation: You have an increased reservoir of magic.
                  | (+10% MP) [potion of mutation]
 10895 | Bailey   | Gained mutation: You are robust. (+10% HP) [potion of
                  | mutation]
 10987 | Bailey   | Killed an orc high priest
 11279 | D:7      | Found a stormy altar of Qazlal.
 11280 | D:7      | Found a shimmering blue altar of Sif Muna.
 11280 | D:7      | Found a basalt altar of Yredelemnul.
 11281 | D:7      | Found an opulent altar of Gozag.
 11288 | D:7      | Became a worshipper of Sif Muna the Loreminder
 11312 | D:7      | Learned a level 4 spell: Hailstorm
 11316 | D:7      | Learned a level 3 spell: Stone Arrow
 11875 | D:8      | Noticed a two-headed ogre
 11885 | D:8      | Killed a two-headed ogre
 11886 | D:8      | Reached skill level 1 in Shields
 11886 | D:8      | Reached skill level 9 in Spellcasting
 11886 | D:8      | Reached skill level 1 in Invocations
 12555 | D:9      | Found a runed translucent door.
 12555 | D:9      | Noticed raistware's ghost (journeyman HuEE)
 12559 | D:9      | Noticed Psyche
 12904 | D:9      | Killed Psyche
 12912 | D:9      | Reached XP level 12. HP: 75/79 MP: 1/27
 12934 | D:9      | Reached * piety under Sif Muna
 13144 | D:9      | Found a staircase to the Lair.
 13248 | D:9      | Learned a level 1 spell: Slow
 13256 | D:9      | Killed raistware's ghost
 13257 | D:9      | Reached skill level 10 in Fire Magic
 13304 | Lair:1   | Entered Level 1 of the Lair of Beasts
 13342 | Lair:1   | Noticed an eight-headed hydra
 13361 | Lair:1   | Killed an eight-headed hydra
 13853 | Lair:1   | Identified the +6 scale mail "Zafeef" {*Slow +Blink MP+9
                  | Str+2}
 15121 | Lair:2   | Reached skill level 10 in Spellcasting
 15688 | Lair:2   | Found a hole to the Spider Nest.
 15696 | Lair:2   | Learned a level 5 spell: Iskenderun's Battlesphere
 16357 | Lair:2   | Reached skill level 5 in Invocations
 16489 | Lair:3   | Noticed a five-headed hydra
 16495 | Lair:3   | Killed a five-headed hydra
 16502 | Lair:3   | Reached XP level 13. HP: 84/84 MP: 19/30
 17006 | Lair:3   | Reached ** piety under Sif Muna
 17009 | Lair:3   | Reached skill level 1 in Earth Magic
 17013 | Lair:3   | Reached skill level 1 in Air Magic
 17452 | Lair:3   | Reached skill level 5 in Shields
 17868 | Lair:3   | Found a staircase to the Swamp.
 18731 | Lair:4   | Reached *** piety under Sif Muna
 18732 | Lair:4   | Reached skill level 11 in Spellcasting
 18755 | Lair:4   | Learned a level 4 spell: Airstrike
 19204 | Lair:4   | Learned a level 2 spell: Blink
 19504 | Lair:5   | Noticed Sonja
 19554 | Lair:5   | Killed Sonja
 19555 | Lair:5   | Reached skill level 1 in Translocations
 19749 | Lair:5   | Noticed Urug
 20076 | Lair:5   | Reached XP level 14. HP: 92/92 MP: 17/32
 20354 | Lair:5   | Killed Urug
 20743 | Lair:5   | Found a staircase to the Slime Pits.
 21203 | Lair:5   | Reached skill level 5 in Air Magic
 21874 | Lair:6   | Entered Level 6 of the Lair of Beasts
 22154 | Lair:6   | Reached **** piety under Sif Muna
 22729 | Lair:6   | Reached skill level 5 in Earth Magic
 23250 | Lair:6   | Found a large runed translucent door.
 23258 | Lair:6   | Found a large runed translucent door.
 23875 | Lair:6   | Reached skill level 12 in Spellcasting
 24954 | D:10     | Entered Level 10 of the Dungeon
 25360 | D:10     | Found a staircase to the Orcish Mines.
 25759 | D:10     | Found Borphor's Assorted Antiques.
 26010 | D:10     | Identified the ring "Ycufe" {rF+ Str+3 Slay+4}
 26292 | D:10     | Reached XP level 15. HP: 99/99 MP: 31/34
 26319 | D:10     | Identified the amulet "Ephes" {Acrobat rPois rF+ Regen+
                  | Int+3}
 26323 | D:10     | Reached ***** piety under Sif Muna
 26584 | D:10     | Identified the ring "Omer" {Fly rN+ Will+++ rCorr Dex-4}
 26599 | D:10     | Identified the ring of Vavi Goo {Fly Int+4}
 26892 | Orc:1    | Entered Level 1 of the Orcish Mines
 26907 | Orc:1    | Found Plog's Weapon Boutique.
 27163 | Orc:1    | Noticed an orc warlord
 27187 | Orc:1    | Killed an orc warlord
 27756 | Orc:2    | Entered Level 2 of the Orcish Mines
 27781 | Orc:2    | Received a gift from Sif Muna
 28406 | Orc:2    | Noticed an orc warlord
 28427 | Orc:2    | Found a staircase to the Elven Halls.
 28810 | Orc:2    | Killed an orc warlord
 29101 | Orc:2    | Got Sif Muna's Collected Works on Poisoning {god gift}
 29194 | Orc:2    | Received a gift from Sif Muna
 29632 | Orc:2    | Got Qyara's Catalogue of the Voyage {god gift}
 29778 | Orc:2    | Found Qinamur's Antique Armour Emporium.
 29782 | Orc:2    | Found Celatytz's General Store.
 29782 | Orc:2    | Found Tyser's Book Emporium.
 29783 | Orc:2    | Found Imatueff's Antique Weapon Shoppe.
 29883 | Orc:2    | Learned a level 4 spell: Iskenderun's Mystic Blast
 30093 | Spider:1 | Entered Level 1 of the Spider Nest
 30106 | Spider:1 | Reached skill level 13 in Spellcasting
 30734 | Spider:1 | Received a gift from Sif Muna
 30735 | Spider:1 | Reached skill level 10 in Conjurations
 30735 | Spider:1 | Got Sif Muna's Tome of Creative Dark Rituals {god gift}
 31483 | Spider:1 | Found the +8 orange crystal plate armour {Archmagi, Int+3
                  | Clar}
 31580 | Spider:1 | Reached skill level 5 in Dodging
 31896 | Spider:1 | Reached XP level 16. HP: 106/106 MP: 22/37
 32106 | Spider:2 | Noticed Nikola
 32459 | Spider:2 | Noticed Louise
 32475 | Spider:2 | Killed Louise
 32854 | Spider:2 | Killed Nikola
 32855 | Spider:2 | Reached skill level 14 in Spellcasting
 33084 | Spider:2 | Found a runed translucent door.
 33185 | Spider:2 | Noticed nht's ghost (adept OgHu)
 33217 | Spider:2 | Killed nht's ghost
 33221 | Spider:2 | Got the Catalogue of Lightness
 33234 | Spider:2 | Learned a level 6 spell: Iron Shot
 33565 | Spider:3 | Received a gift from Sif Muna
 33566 | Spider:3 | Got Sif Muna's Advanced Steps in Witchery {god gift}
 33734 | Spider:3 | Reached skill level 1 in Evocations
 34343 | Spider:3 | Reached skill level 5 in Translocations
 35721 | Spider:4 | Entered Level 4 of the Spider Nest
 35721 | Spider:4 | Found a runed translucent gate.
 35721 | Spider:4 | Found a runed translucent gate.
 35728 | Spider:4 | Noticed TheWayOfAllFlesh's ghost (adept DgAE)
 35728 | Spider:4 | Noticed Rithrew's ghost (journeyman DsFi)
 35730 | Spider:4 | Noticed Ociafasm's ghost (adept DDFi)
 36283 | Spider:4 | Received a gift from Sif Muna
 36284 | Spider:4 | Got Sif Muna's Disquisition on Transformation and the Birds
                  | {god gift}
 36711 | Orc:2    | Learned a level 5 spell: Fireball
 36715 | Orc:2    | Learned a level 3 spell: Mephitic Cloud
 36757 | Elf:1    | Entered Level 1 of the Elven Halls
 36908 | Elf:1    | Reached skill level 1 in Poison Magic
 36908 | Elf:1    | Reached XP level 17. HP: 111/111 MP: 33/39
 37194 | Elf:1    | Reached skill level 5 in Short Blades
 37207 | Elf:1    | Reached skill level 5 in Fighting
 37209 | Elf:1    | Reached skill level 15 in Spellcasting
 37600 | Elf:1    | Identified the +0 scale mail of the Komodo Dragon {Str+4}
 38646 | Elf:2    | Found Iqaemm's Magic Scroll Boutique.
 39214 | Elf:2    | Found a runed translucent gate.
 39215 | Elf:2    | Found a runed translucent gate.
 39215 | Elf:2    | Found a runed translucent gate.
 39772 | Elf:2    | Received a gift from Sif Muna
 39860 | Elf:2    | Noticed a deep elf blademaster
 39870 | Elf:2    | Killed a deep elf blademaster
 40129 | Elf:2    | Reached XP level 18. HP: 71/117 MP: 3/41
 40687 | Elf:3    | Entered Level 3 of the Elven Halls
 40756 | Elf:3    | Reached skill level 16 in Spellcasting
 40932 | Elf:3    | Noticed a deep elf master archer
 40935 | Elf:3    | Noticed a deep elf master archer
 41312 | Elf:3    | Noticed a deep elf blademaster
 41430 | Elf:3    | Noticed a deep elf blademaster
 41449 | Elf:3    | Noticed a deep elf master archer
 41452 | Elf:3    | Killed a deep elf blademaster
 41455 | Elf:3    | Killed a deep elf blademaster
 41465 | Elf:3    | Killed a deep elf master archer
 41465 | Elf:3    | Noticed a deep elf master archer
 41467 | Elf:3    | HP: 2/177 [deep elf master archer/arrow (26)]
 41477 | Elf:3    | Killed a deep elf master archer
 41479 | Elf:3    | Killed a deep elf master archer
 41487 | Elf:3    | Killed a deep elf master archer
 41733 | Elf:3    | Paralysed by an air elemental for 1 turns
 41968 | Elf:3    | Received a gift from Sif Muna
 41969 | Elf:3    | Got Xaonigoh's Almanac of the Creative Mountains {god gift}
 42093 | Elf:3    | Identified the +5 long sword of the Hungering Salmon {pain,
                  | Int+3}
 42093 | Elf:3    | Identified the ring of the Establishment {EV+4 Dex+2}
 42149 | Elf:3    | Identified the +8 quarterstaff "Baaratoo" {vorpal, *Slow
                  | rPois Dex+4}
 42149 | Elf:3    | Identified the +1 leather armour of the Cuttlefish {rF++}
 42156 | Elf:3    | Identified the ring of Kudic {*Corrode rPois Int+2 Slay+4}
 42157 | Elf:3    | Identified the +7 morningstar of Objectivity {venom, Str+4}
 42187 | Elf:3    | Identified the +9 mace of Boepragy {protect, *Slow rF++
                  | Will+ Str+2}
 42411 | Elf:3    | Identified the +6 quarterstaff of the Eggplant {freeze,
                  | rPois rC- Dex+3 SInv}
 42417 | Elf:3    | Identified the ring "Icyqurphe" {rCorr Str+5 Dex+3}
 42522 | Elf:3    | Identified the +1 plate armour of Death's Door {Int+9}
 42526 | Elf:3    | Identified the +7 whip of the Dark Horse {flame, Fly}
 42547 | Elf:3    | Identified the +9 ice dragon scales of Qowonaiz {rF- rC++
                  | rN+ rCorr Str-2}
 42841 | Swamp:1  | Entered Level 1 of the Swamp
 42842 | Swamp:1  | Upgraded the game from 0.29-a0-184-g2ef5e920f0 to
                  | 0.29-a0-251-g80730f7218
 43023 | Lair:3   | Learned a level 3 spell: Summon Guardian Golem
 44697 | Swamp:2  | You are sucked into a shaft and drop 1 floor!
 44699 | Swamp:3  | Noticed Donald
 44706 | Swamp:3  | Killed Donald
 44707 | Swamp:3  | Reached XP level 19. HP: 120/125 MP: 12/43
 44895 | Swamp:2  | Noticed Kirke
 44899 | Swamp:2  | Killed Kirke
 45815 | Swamp:3  | Reached skill level 17 in Spellcasting
 45956 | Swamp:3  | Reached skill level 10 in Earth Magic
 46077 | Swamp:3  | Acquired the ring of Mowkif {Ice rElec Int+7 Stlth+}
 46254 | Swamp:4  | Entered Level 4 of the Swamp
 46358 | Swamp:4  | Reached skill level 1 in Throwing
 46890 | Swamp:4  | Received a gift from Sif Muna
 46893 | Swamp:4  | Got Sif Muna's Papyrus of Dislocation and Confrontation
                  | {god gift}
 47311 | Swamp:4  | Reached skill level 1 in Maces & Flails
 47702 | Swamp:4  | Got a decaying rune of Zot
 49726 | Spider:4 | Found a runed translucent gate.
 49980 | Spider:4 | Received a gift from Sif Muna
 50595 | Spider:4 | Got a gossamer rune of Zot
 50704 | Spider:4 | Killed Rithrew's ghost
 50708 | Spider:4 | Killed Ociafasm's ghost
 50718 | Spider:4 | Killed TheWayOfAllFlesh's ghost
 50883 | Spider:4 | Identified the +7 plate armour of Soft Rains {rC- rN+++
                  | MP+9 Str-2}
 51094 | Slime:1  | Entered Level 1 of the Pits of Slime
 51343 | Slime:1  | Gained mutation: You are clumsy. (Dex -2) [a shining eye]
 51596 | Slime:2  | Found a viscous altar of Jiyva.
 52068 | Slime:2  | Reached XP level 20. HP: 129/130 MP: 32/45
 52500 | Slime:3  | Reached skill level 15 in Conjurations
 52670 | Slime:3  | Reached skill level 15 in Fire Magic
 52865 | Slime:3  | Received a gift from Sif Muna
 52871 | Slime:3  | Got Sif Muna's Almanac of Dark Rituals and the Volcanoes
                  | {god gift}
 53334 | Slime:3  | Learned a level 8 spell: Ignition
 53998 | Slime:5  | Entered Level 5 of the Pits of Slime
 54210 | Slime:5  | Gained mutation: Your body sometimes deteriorates upon
                  | taking damage. [a shining eye]
 54211 | Slime:5  | Gained mutation: You tend to lose your temper in combat. [a
                  | shining eye]
 54224 | Slime:5  | Noticed the Royal Jelly
 54238 | Slime:5  | Mangled by a rockslime

Illustrated notes

Levels and vault maps discovered:
D:1:      lightli_arrival_maybe_door_vault, layout_rooms
D:2:      layout_basic, ebering_ecumenical_altar_abandoned
D:3:      layout_loops_ring, serial_glass, glass_columns_b, glass_columns_a,
          glass_columns_a, glass_columns_a, glass_columns_a,
          uniq_crazy_yiuf_cottage, uniq_sigmund
D:4:      layout_gridville, minmay_temple_entry_offerings,
          gammafunk_ghost_arena, uniq_duvessa
D:5:      layout_loops_ring, portal_sewer_entry_e
D:6:      lemuel_castle_with_subvaults [lemuel_castle_interior_carwin_3],
          layout_loops_corners, supply_closet_lemuel, serial_bayou_pond_a
D:7:      layout_cave_pools, chequers_temple_overflow_statue_of_worship,
          enter_bailey_3, uniq_maggie, uniq_pikel
D:8:      layout_basic
D:9:      layout_big_octagon, lair_entry_dummy, hellmonk_ghost_happy_afterlife,
          uniq_psyche
D:10:     minmay_the_grid_triangle_9x9_recursive_2
          [minmay_the_grid_triangle_9x9_prize_special,
          minmay_the_grid_triangle_9x9_odd_lines,
          minmay_the_grid_triangle_9x9_cache,
          minmay_the_grid_triangle_9x9_semitri], layout_layer_cave,
          serial_shops, kennysheep_little_box
Temple:   mainiacjoe_temple_coin_purse
Lair:1:   layout_small_grid
Lair:2:   minmay_lair_oklob_tunnel, layout_regular_city,
          spider_nest_entry_web_field, cheibrodos_lair_caveside_slide
Lair:3:   layout_long_grid, palyth_hydra_swamp_entry, serial_bayou_ford_a,
          chequers_serial_rivers_micro_e, st_stairs_3, beast_lair_carwin_9,
          lemuel_fruit_fields
Lair:4:   layout_misc_corridors, grunt_megastairs_2
Lair:5:   layout_small_grid, minmay_slime_entry_oklob_open, st_stairs_8,
          chequers_serial_rivers_marsh, beast_lair_carwin_1, uniq_sonja,
          uniq_urug
Lair:6:   cheibrodos_lair_end_hotspot, layout_long_grid, pond
Swamp:1:  layout_basic_swamp, nicolae_swamp_some_circles
Swamp:2:  layout_basic_swamp, nicolae_swamp_ascending_descending,
          infiniplex_staircase_pool, uniq_kirke
Swamp:3:  layout_basic_swamp, nicolae_swamp_trees_clearing, uniq_donald
Swamp:4:  swamp_icy, layout_basic_swamp
Spider:1: nicolae_spider_jumping_over_cracks
          [nicolae_spider_jumping_sub_no_exit, nicolae_spider_jumping_sub_lake,
          nicolae_spider_jumping_sub_pools, nicolae_spider_jumping_sub_shuffled]
Spider:2: layout_spider_delve, ebering_ghost_reflecting_pool, uniq_louise,
          uniq_nikola
Spider:3: layout_spider_delve
Spider:4: grunt_spider_rune_parallel, gammafunk_ghost_cemetery,
          nicolae_spider_not_touching_you
Slime:1:  layout_caves, nicolae_slime_phagocytosis
Slime:2:  cheibrodos_slime_lost_civilization_3, layout_caves, basic_altar
Slime:3:  layout_caves
Slime:4:  layout_caves
Slime:5
Orc:1:    layout_caves, serial_shops, nicolae_shop_bloodbath_and_beyond
Orc:2:    st_orc_congregation, layout_diamond_mine
Elf:1:    layout_loops_ring, minivault_28
Elf:2:    nicolae_elf_blades_splatter_lattice [nicolae_blade_tridents],
          layout_onion_city, grunt_ministairs_4, nicolae_elf_big_sculpture_3,
          nicolae_stop_n_shop_1
Elf:3:    minmay_elf_hall_circle, layout_geoelf_diagonals

Skill      XL: |  1  2  3  4  5  6  7  8  9 10 11 12 13 14 15 16 17 18 19 20 |
---------------+-------------------------------------------------------------+-----
Stealth        | 3 4 5 6 7 8 9 |  9.8
Conjurations   | 2 3 4 5 6 7 8 10 11 12 13 14 15 | 15.2
Fire Magic     | 4 5 6 7 8 9 10 11 12 13 14 15 | 15.3
Spellcasting   | 3 4 5 7 8 9 10 11 12 13 14 15 16 17 | 17.9
Short Blades   | 2 3 4 6 |  6.1
Ice Magic      | 2 4 6 7 |  7.0
Fighting       | 1 2 3 4 5 |  5.8
Dodging        | 3 4 5 6 |  6.6
Hexes          | 1 2 3 |  3.1
Shields        | 2 4 5 6 7 8 |  8.1
Invocations    | 2 5 6 |  6.5
Earth Magic    | 3 5 6 7 9 10 | 10.8
Air Magic      | 4 6 7 |  7.2
Translocations | 1 4 5 6 |  6.8
Evocations     | 1 |  1.1
Poison Magic   | 1 2 3 |  3.3
Throwing       | 1 |  1.0
Maces & Flails | 2 3 |  3.4
Summonings     | |  0.1

Action                   |  1- 3 |  4- 6 |  7- 9 | 10-12 | 13-15 | 16-18 | 19-21 || total
-------------------------+-------+-------+-------+-------+-------+-------+-------++-------
Melee: Dagger            |     5 |    28 |    67 |   122 |   153 |       |       ||   375
       Tentacles         |     2 |     4 |    19 |    37 |    63 |    45 |    43 ||   213
       Constrict         |       |     4 |    10 |    31 |    25 |    28 |    10 ||   108
       Punch             |       |     1 |     1 |     1 |     5 |     3 |     5 ||    16
       Rapier            |       |       |       |       |     5 |   146 |       ||   151
       Mace              |       |       |       |       |       |     1 |   107 ||   108
Throw: Dart              |       |     1 |     5 |     3 |       |     3 |     1 ||    13
 Cast: Foxfire           |    59 |    64 |   236 |   324 |   650 |   150 |   151 ||  1634
       Inner Flame       |       |     2 |     6 |    34 |    45 |       |     1 ||    88
       Conjure Flame     |       |     1 |     6 |    10 |     7 |       |       ||    24
       Scorch            |       |       |    22 |    72 |   199 |    29 |       ||   322
       Freeze            |       |       |     4 |    11 |    24 |     8 |       ||    47
       Flame Wave        |       |       |     1 |     6 |    67 |    18 |       ||    92
       Hailstorm         |       |       |       |    13 |    59 |    43 |    10 ||   125
       Slow              |       |       |       |     2 |     4 |     2 |       ||     8
       Iskenderun's Batt |       |       |       |       |    16 |    49 |    12 ||    77
       Stone Arrow       |       |       |       |       |    47 |   134 |     3 ||   184
       Blink             |       |       |       |       |    13 |     5 |    18 ||    36
       Airstrike         |       |       |       |       |    11 |     6 |       ||    17
       Iskenderun's Myst |       |       |       |       |    23 |   159 |    63 ||   245
       Iron Shot         |       |       |       |       |       |    63 |   133 ||   196
       Mephitic Cloud    |       |       |       |       |       |    47 |     5 ||    52
       Fireball          |       |       |       |       |       |    65 |    95 ||   160
       Summon Guardian G |       |       |       |       |       |       |     7 ||     7
       Ignition          |       |       |       |       |       |       |     2 ||     2
Invok: Channel Magic     |       |       |       |       |     4 |    13 |     4 ||    21
       Forget Spell      |       |       |       |       |       |     1 |       ||     1
Evoke: Wand              |       |       |       |     1 |     4 |     5 |       ||    10
       Phantom mirror    |       |       |       |       |       |     1 |       ||     1
  Use: Potion            |       |     1 |     2 |     6 |     1 |    11 |     3 ||    24
       Scroll            |       |       |     4 |    21 |    15 |    14 |     5 ||    59
 Stab: Sleeping          |     1 |     8 |    10 |    14 |    13 |    10 |     3 ||    59
       Distracted        |       |       |       |     1 |       |       |       ||     1
       Paralysed         |       |       |       |       |     2 |       |       ||     2
       Confused          |       |       |       |       |       |     4 |     1 ||     5
Armor: Skin              |       |       |     4 |    23 |    55 |    89 |    57 ||   228
Dodge: Dodged            |    10 |    16 |    60 |   100 |   161 |   155 |    94 ||   596
Block: Kite shield       |       |       |       |    75 |   324 |   179 |   117 ||   695
       Reflection        |       |       |       |       |     9 |       |       ||     9

Table legend: (Time is in decaauts)
 A = Elapsed time spent in this place.
 B = Non-inter-level travel time spent in this place.
 C = Inter-level travel time spent in this place.
 D = Time resting spent in this place.
 E = Time spent auto-exploring this place.
 F = Levels seen in this place.
 G = Mean time per level.
                   A        B        C        D        E       F      G
               +--------+--------+--------+--------+--------+-----+--------+
         Total |  54379 |  52194 |   2185 |   6863 |  32070 |  37 | 1469.7 |
       Dungeon |  12728 |  12281 |    447 |    514 |   8643 |  10 | 1272.8 |
        Temple |    121 |    121 |      0 |      0 |     81 |   1 |  121.0 |
          Lair |  12912 |  12074 |    838 |   1562 |   8060 |   6 | 2152.0 |
         Swamp |   4793 |   4738 |     55 |    969 |   2393 |   4 | 1198.2 |
   Spider Nest |   8743 |   8355 |    388 |   1664 |   4789 |   4 | 2185.8 |
    Slime Pits |   3174 |   3139 |     35 |    802 |   1639 |   5 |  634.8 |
  Orcish Mines |   3394 |   3209 |    185 |    506 |   1483 |   2 | 1697.0 |
   Elven Halls |   5943 |   5710 |    233 |    600 |   3434 |   3 | 1981.0 |
         Sewer |    901 |    901 |      0 |      0 |    702 |   1 |  901.0 |
        Bailey |   1665 |   1665 |      0 |    246 |    846 |   1 | 1665.0 |
               +--------+--------+--------+--------+--------+-----+--------+

Top non-repeatable levels by time:
   Elf:2: 3474 daAuts
Spider:3: 3219 daAuts
  Lair:6: 2943 daAuts
  Lair:2: 2770 daAuts
     D:6: 2450 daAuts
Spider:4: 2233 daAuts
  Lair:5: 2175 daAuts
   Orc:2: 2120 daAuts
    D:10: 2056 daAuts
  Lair:3: 1929 daAuts
Spider:1: 1821 daAuts
  Bailey: 1665 daAuts
  Lair:4: 1610 daAuts
     D:3: 1590 daAuts
  Lair:1: 1483 daAuts
